 Dungeon Crawl Stone Soup version 0.22-a0-833-g8522bf8125 (webtiles) character file.

450 IcyTea the Spear-Bearer (level 7, -4/50 HPs)
             Began as a Merfolk Skald on July 25, 2018.
             Was an Initiate of Okawaru.
             Slain by a worker ant (5 damage)
             ... on level 5 of the Dungeon.
             The game lasted 00:14:33 (5079 turns).

IcyTea the Spear-Bearer (Merfolk Skald)             Turns: 5079, Time: 00:14:33

Health: -4/50      AC:  5    Str: 11    XL:     7   Next: 4%
Magic:  10/10      EV: 11    Int: 15    God:    Okawaru [......]
Gold:   237        SH:  0    Dex: 13    Spells: 2/10 levels left

rFire    . . .     SeeInvis .   k - +0 halberd
rCold    + . .     Gourm    .   (shield currently unavailable)
rNeg     . . .     Faith    .   r - +0 ring mail
rPois    .         Spirit   .   (no helmet)
rElec    .         Reflect  .   (no cloak)
rCorr    .         Harm     .   (no gloves)
MR       .....                  (no boots)
Stlth    +.........             (no amulet)
HPRegen  0.16/turn              f - ring of protection from cold
MPRegen  0.12/turn              (no ring)

@: lethally poisoned (-4 -> -11)
A: change form in water, swift swim, stealthy swim
a: Renounce Religion


You were on level 5 of the Dungeon.
You worshipped Okawaru.
Okawaru was noncommittal.
You were hungry.

You visited 2 branches of the dungeon, and saw 6 of its levels.

You collected 237 gold pieces.

Inventory:

Hand Weapons
 a - a +0 spear
 k - a +0 halberd (weapon)
 q - a +1 dagger of electrocution
Armour
 r - a +0 ring mail (worn)
Jewellery
 f - a ring of protection from cold (left hand)
 m - an uncursed amulet of harm {unknown}
Wands
 t - a wand of acid (6)
Scrolls
 c - 3 scrolls of fear
 e - 4 scrolls of remove curse
 i - a scroll of enchant armour {unknown}
 j - 2 scrolls of magic mapping {unknown}
 s - a scroll of blinking {unknown}
 u - a scroll of vulnerability {unknown}
 v - 2 scrolls of identify {unknown}
 x - a scroll of teleportation {unknown}
Potions
 b - a potion of agility
 g - 3 potions of lignification
 h - a potion of cancellation
 l - a potion of degeneration {unknown}
 n - a potion of brilliance {unknown}
 o - 2 potions of curing {unknown}
 p - a potion of ambrosia {unknown}
 w - a potion of flight {unknown}
 z - a potion of mutation {unknown}
Comestibles
 d - 6 rations


   Skills:
 - Level 2.1 Fighting
 + Level 10.4 Polearms
 - Level 0.6 Armour
 - Level 2.6 Dodging
 - Level 2.0 Spellcasting
 - Level 3.2 Charms


You had 2 spell levels left.
You knew the following spells:

 Your Spells              Type           Power        Failure   Level  Hunger
a - Infusion              Chrm           ##..         14%         1    #......
b - Song of Slaying       Chrm           ##......     22%         2    ###....
c - Regeneration          Chrm/Necr      #.........   63%         3    ###....
d - Shroud of Golubria    Chrm/Tloc      #.........   38%         2    ###....

Your spell library contained the following spells:

 Spells                   Type           Power        Failure   Level  Hunger
 Confuse                  Hex            #.......     85%         3    ###....
 Confusing Touch          Hex            #.....       47%         1    #......
 Metabolic Englaciation   Hex/Ice        #.........   100%        5    ######.
 Petrify                  Tmut/Erth      #.......     99%         4    #####..
 Spectral Weapon          Hex/Chrm       #.......     63%         3    ###....
 Gell's Gravitas          Tloc           #.........   85%         3    ###....
 Yara's Violent Unravell  Hex/Tmut       #.........   100%        5    ######.


Dungeon Overview and Level Annotations

Branches:
Dungeon (5/15)             Temple (1/1) D:4

Altars:
Ashenzari
Cheibriados
Dithmenos
Elyvilon
Fedhas
Gozag
Hepliaklqana
Kikubaaqudgha
Okawaru
Qazlal
Ru
Sif Muna
Trog
Vehumet
Xom
Zin
The Shining One

Annotations:
D:5 Grinder


Message History

You feel sick.
The worker ant bites you but does no damage.
The worker ant bites you. Something hits you.
You feel sick.
The worker ant bites you but does no damage.
Something hits you!
* * * LOW HITPOINT WARNING * * *
You can move again.
It was a potion of agility.
You feel agile all of a sudden.
You feel sick. The worker ant completely misses you. Something hits you.
* * * LOW HITPOINT WARNING * * *
You writhe in agony.
* * * LOW HITPOINT WARNING * * *
It was a potion of cancellation.
Your magical effects are unravelling.
You feel magically purged.
You feel a little less agile now. The worker ant bites you.
You die...

.# #.# ##########.###### .# #.#
#....... .# #.#########
#.###### .# #.........# ##.####
.# ###.#####.# #>..(.#
.#######.# #.# #..####
.......(.# #.# #..# ########.#
#.##########..# #.#
#.a@{.........#
#.......###.######.## #########
#.# #.# ############### #.# #.#
..............####.######.#####
#############.#...............#
#.#.############### #...# #####


You could see a worker ant.

Vanquished Creatures
  A phantom (D:4)
  A scorpion (D:4)
  2 centaur skeletons (D:4)
  2 hounds
  A bullfrog skeleton (D:5)
  6 adders
  A howler monkey skeleton (D:4)
  3 worms
  A dart slug (D:1)
  3 leopard geckos
  13 orcs
  6 bats
  6 giant cockroaches
  6 hobgoblins
  4 jackals (D:1)
  5 quokkas
  A ball python (D:3)
  6 frilled lizards
  6 goblins
  6 kobolds
  7 rats
87 creatures vanquished.

Notes
Turn   | Place    | Note
-------+----------+-------------------------------------------
     0 | D:1      | IcyTea the Merfolk Skald began the quest for the Orb.
     0 | D:1      | Reached XP level 1. HP: 16/16 MP: 3/3
   135 | D:1      | Reached skill level 4 in Polearms
   135 | D:1      | Reached XP level 2. HP: 7/22 MP: 5/5
   387 | D:1      | Learned a level 2 spell: Song of Slaying
   679 | D:1      | Reached skill level 5 in Polearms
   679 | D:1      | Reached XP level 3. HP: 5/27 MP: 6/6
  1400 | D:2      | Learned a level 3 spell: Regeneration
  2273 | D:3      | Found a bloodstained altar of Trog.
  2407 | D:3      | Found a white marble altar of Elyvilon.
  2414 | D:3      | Reached skill level 6 in Polearms
  2531 | D:3      | Reached XP level 4. HP: 6/33 MP: 7/7
  2964 | D:3      | Reached skill level 7 in Polearms
  3484 | D:3      | Reached XP level 5. HP: 36/38 MP: 8/8
  3739 | D:4      | Reached skill level 8 in Polearms
  3874 | D:4      | Found a staircase to the Ecumenical Temple.
  3913 | D:4      | Found a hazy altar of Hepliaklqana.
  3913 | D:4      | Noticed a phantom
  3984 | D:4      | Reached XP level 6. HP: 26/44 MP: 5/9
  4000 | D:4      | Killed a phantom
  4000 | D:4      | Reached skill level 9 in Polearms
  4046 | Temple   | Entered the Ecumenical Temple
  4216 | Temple   | Became a worshipper of Warmaster Okawaru
  4350 | D:4      | Learned a level 2 spell: Shroud of Golubria
  4629 | D:4      | Reached skill level 10 in Polearms
  4655 | D:4      | Found a bloodstained altar of Trog.
  4658 | D:4      | Found a shattered altar of Ashenzari.
  4660 | D:4      | Found a blossoming altar of Fedhas.
  4725 | D:5      | Entered Level 5 of the Dungeon
  4754 | D:5      | Reached XP level 7. HP: 50/50 MP: 10/10
  5065 | D:5      | Noticed Grinder
  5072 | D:5      | Paralysed by something for 6 turns
  5078 | D:5      | HP: 1/50 [something (5)]
  5079 | D:5      | Slain by a worker ant

Vault maps used:
D:1:      saegor_arrival_miasma
D:3:      makhleb_altar_promises_db, lemuel_round_altar, first_ration,
          trog_three_pillars_becter
D:4:      old_standard_altar, minitemple, temple_hall, minivault_14,
          minmay_bisected
D:5:      uniq_grinder, uniq_crazy_yiuf_cottage
Temple:   nicolae_temple_hex_pool

Skill      XL: |  1  2  3  4  5  6 |
---------------+-------------------+-----
Polearms       | 4 5 6 7 8 10 | 10.4
Fighting       | |  2.1
Armour         | |  0.6
Dodging        | |  2.6
Spellcasting   | |  2.0
Charms         | |  3.2

Action                   |  1- 3 |  4- 6 |  7- 9 || total
-------------------------+-------+-------+-------++-------
Melee: Spear             |   184 |       |       ||   184
       Halberd           |    36 |   170 |     8 ||   214
 Cast: Infusion          |     2 |       |       ||     2
       Regeneration      |       |     1 |       ||     1
  Use: Scroll            |       |     2 |       ||     2
       Potion            |       |     1 |     2 ||     3
 Stab: Sleeping          |     1 |       |       ||     1
  Eat: Chunk             |     5 |     8 |       ||    13
Armor: Leather armour    |    49 |    19 |       ||    68
       Ring mail         |       |     9 |     6 ||    15
Dodge: Dodged            |   113 |    64 |     6 ||   183

Table legend:
 A = Spawn XP
 B = Non-spawn XP
 C = Spawn XP percentage of total XP
 D = Spawn monster count
 E = Non-spawn monster count
 F = Spawn count percentage of total count
 G = Total turns spent on level
                    A         B        C        D         E        F      G
               +---------+---------+-------+---------+---------+-------+---------
         Total |       0 |     644 |   0.0 |       0 |      87 |   0.0 |  5079
               +---------+---------+-------+---------+---------+-------+---------
           D:1 |       0 |      49 |   0.0 |       0 |      29 |   0.0 |  1291
           D:2 |       0 |      16 |   0.0 |       0 |      12 |   0.0 |   981
           D:3 |       0 |     100 |   0.0 |       0 |      17 |   0.0 |  1242
           D:4 |       0 |     372 |   0.0 |       0 |      25 |   0.0 |  1022
           D:5 |       0 |     107 |   0.0 |       0 |       4 |   0.0 |   354
               +---------+---------+-------+---------+---------+-------+---------
